Map: Pillars of Gold LE

Players

A.I. 1 (Very Easy)

  • Race: Zerg Zerg

evilPutty - Winner!

  • Race: Zerg Zerg
  • League: Gold

VOD

Have the link to the VOD?

Description

Time

  • Played on: April 20, 2021, 12:04 a.m.
  • Length: 10:38
Show
View Real Time Build Order
Export as new Build Order

A.I. 1 (Very Easy) Zerg 

Build Orders: Pool First 

Get SALT Encoding   

  12  0:01  Drone  
  13  0:12  Overlord  
  13  0:17  Drone  
  14  0:35  Spawning Pool  
  14  0:36  Extractor  
  14  0:40  Drone  
  13  0:48  Drone  
  14  0:53  Overlord  
  14  1:23  Zergling x2  
  14  1:24  Queen  
  17  1:34  Roach Warren  
  17  1:36  Drone  
  17  1:40  Extractor  
  17  1:41  Zergling x2  
  17  1:45  Drone  
  18  1:57  Drone  
  18  1:59  Zergling x2  
  20  2:08  Drone  
  21  2:19  Drone  
  22  2:29  Drone  
  23  2:31  Overlord  
  23  2:37  Drone  
  24  2:44  Drone  
  25  5:44  Lair, Drone  
  26  5:51  Drone  
  27  5:58  Drone  
  28  6:05  Drone  
  28  6:07  Overlord  
  29  6:13  Zergling x2, Drone  
  28  6:20  Drone  
  29  6:36  Zergling x2  
  30  6:41  Overseer  
  30  6:42  Overseer  
  30  6:46  Spire  
  29  6:58  Zergling x2  
  30  7:19  Hatchery  
  30  7:20  Drone  
  30  8:00  Mutalisk  
  32  8:10  Overseer, Overlord  
  32  8:32  Drone  
  33  8:39  Drone, Extractor  
  33  8:44  Extractor  
  33  8:46  Drone  
  33  8:53  Drone  
  34  9:01  Drone  
  35  9:08  Drone  
  36  9:15  Drone  
  37  9:22  Drone  
  38  9:29  Drone  
  39  9:36  Drone  
  40  9:44  Drone  
  40  9:45  Zergling x2  
  42  9:46  Overlord  
  42  9:51  Drone  
  41  9:58  Drone  
  36  10:06  Drone  
  29  10:13  Overseer, Overlord  
  29  10:14  Roach, Drone  
  28  10:17  Overlord  
Show
View Real Time Build Order
Export as new Build Order

evilPutty Zerg - Winner!

Build Orders: Hatch First 

Get SALT Encoding   

  12  0:00  Drone  
  13  0:08  Drone  
  14  0:17  Overlord  
  14  0:21  Extractor  
  13  0:24  Drone  
  15  0:35  Drone x2  
  17  0:55  Hatchery  
  16  1:00  Drone  
  16  1:01  Drone  
  18  1:17  Spawning Pool  
  17  1:19  Drone  
  17  1:21  Drone  
  19  1:27  Drone  
  19  1:29  Extractor  
  19  1:37  Drone  
  20  1:48  Overlord  
  20  1:59  Drone  
  21  2:07  Drone  
  22  2:10  Queen x2  
  22  2:11  Drone  
  27  2:18  Drone  
  27  2:20  Drone  
  29  2:29  Overlord  
  29  2:31  Drone  
  30  2:39  Drone  
  30  2:42  Drone  
  32  2:50  Queen  
  34  2:53  Lair, Drone  
  34  2:55  Drone  
  36  3:01  Drone  
  36  3:03  Overlord  
  37  3:12  Drone  
  38  3:16  Drone  
  38  3:19  Drone x5  
  44  3:21  Overlord  
  44  3:25  Drone  
  45  3:29  Roach Warren  
  45  3:31  Drone  
  45  3:35  Overlord  
  45  3:39  Drone  
  45  3:40  Extractor x2  
  44  3:46  Evolution Chamber  
  44  3:47  Drone  
  44  3:50  Drone  
  45  3:56  Drone  
  46  4:04  Hatchery  
  46  4:09  Roach  
  49  4:10  Roach x5  
  49  4:12  Overlord  
  49  4:15  Glial Reconstitution  
  57  4:32  Drone x2  
  57  4:37  Drone x8  
  67  4:46  Drone  
  67  4:49  Hydralisk Den, Drone  
  68  4:53  Zerg Missile Weapons Level 1  
  68  4:57  Overlord  
  68  4:58  Drone  
  69  5:08  Drone x2  
  69  5:13  Drone x3  
  74  5:16  Drone x3, Extractor  
  74  5:18  Overlord  
  74  5:20  Drone  
  77  5:22  Hydralisk  
  79  5:30  Drone, Queen  
  79  5:32  Hydralisk  
  79  5:33  Hydralisk  
  86  5:41  Hydralisk  
  88  5:43  Overlord x2  
  88  5:46  Hydralisk x4  
  96  5:50  Muscular Augments  
  96  5:51  Drone x2  
  98  5:57  Overlord, Extractor  
  98  6:00  Overlord  
  98  6:01  Extractor  
  98  6:03  Drone  
  97  6:15  Hydralisk  
  97  6:16  Hydralisk x5  
  97  6:17  Overlord  
  97  6:18  Overlord x2  
  109  6:32  Drone x4  
  113  6:37  Drone x2  
  113  6:38  Drone  
  113  6:39  Drone x2  
  118  6:41  Hatchery  
  118  6:42  Drone  
  118  6:43  Hydralisk x2  
  118  6:45  Overlord  
  122  6:55  Hydralisk, Infestation Pit  
  122  6:56  Hydralisk x3  
  129  7:02  Evolution Chamber  
  129  7:03  Zerg Missile Weapons Level 2  
  129  7:07  Hydralisk x2  
  132  7:29  Drone x9  
  141  7:32  Overlord  
  141  7:49  Hydralisk x10  
  161  7:53  Hydralisk  
  161  7:56  Drone  
  164  8:22  Extractor  
  164  8:26  Extractor  
  162  8:29  Drone x4  
  162  8:31  Hydralisk  
  162  8:32  Hydralisk x4  
  162  8:33  Overlord x3  
  176  8:38  Hatchery, Zerg Ground Armor Level 1  
  175  8:41  Hive  
  175  9:03  Hydralisk x12  
  199  9:14  Grooved Spines  
  199  9:15  Overlord x2  
  199  9:27  Drone  
Tags
 
Add a new tag
Caveats
  • Supply blocks, unpowered buildings, or Contaminate may cause inaccurate times.
  • Supply counts are checked every 10 seconds.